[ PARTIDA AOE2 · #505125590 ]
UnrankedEslavos vs Celts
[ ANÁLISIS DE REPETICIÓN · EXTRAÍDO DE LA PARTIDA GRABADA ]
Feudal
10:36
Castillos
15:08
Imperial
36:28
| APM promedio | 26.3 |
| APM pico | 66 |
| eAPM promedio | 13.4 |
| Aldeanos / militares | 118 / 189 |
Foco
⚔️ 33.5% · 🌾 66.5%
Militia ×107 · Scorpion ×36 · Battering Ram ×12 · Boyar ×10 · Mangonel ×8 · Spearman ×8
Feudal
11:48
Castillos
15:44
Imperial
32:21
| APM promedio | 33.2 |
| APM pico | 80 |
| eAPM promedio | 24.5 |
| Aldeanos / militares | 172 / 588 |
Foco
⚔️ 43.4% · 🌾 56.6%
Spearman ×298 · Militia ×251 · Mangonel ×21 · Trebuchet (Packed) ×8 · Battering Ram ×5 · Monk ×3
Feudal
12:43
Castillos
16:20
Imperial
39:20
| APM promedio | 18.9 |
| APM pico | 65 |
| eAPM promedio | 12.7 |
| Aldeanos / militares | 113 / 161 |
Foco
⚔️ 39.9% · 🌾 60.1%
Militia ×144 · Mangonel ×8 · Battering Ram ×5 · Scorpion ×4
Feudal
12:35
Castillos
16:06
Imperial
30:30
| APM promedio | 25.3 |
| APM pico | 47 |
| eAPM promedio | 17.0 |
| Aldeanos / militares | 146 / 311 |
Foco
⚔️ 32.8% · 🌾 67.2%
Militia ×174 · Scorpion ×92 · Centurion ×23 · Battering Ram ×16 · Trebuchet (Packed) ×4 · Monk ×2
Mapa de la partida
Recursos iniciales + cada clic de construcción. Líneas = muros · curvas = relieve. ◆ oro · ⬟ piedra · ● bayas · ✦ reliquia · ◌ hueco del cierre
Tu base· ✓ Cerrada en 15:08 · 1t muro · 2 puerta(s)
Base de ELEG | KYNBA· ✓ Cerrada en 15:44 · 0t muro · 2 puerta(s)
Base de MEERIYEINMMD· ✓ Cerrada en 16:20 · 0t muro · 2 puerta(s)
Base de Lavibeko· ✓ Cerrada en 16:06 · 0t muro · 2 puerta(s)
Terreno inicial suavizado · ◌ = hueco del cierre detectado · pasá el cursor para detalles
Inputs por minuto
— Pundabar - - ELEG | KYNBA
Build order — Pundabar
Primeras 150 de 296 acciones detectadas
| 0:02 | Encolar | Villager (Male) ×4 |
| 0:04 | Construir | House |
| 0:06 | Construir | House |
| 1:37 | Encolar | Villager (Male) |
| 2:10 | Encolar | Villager (Male) |
| 2:38 | Construir | Lumber Camp |
| 2:52 | Encolar | Villager (Male) |
| 2:53 | Encolar | Villager (Male) |
| 2:53 | Encolar | Villager (Male) |
| 3:40 | Encolar | Villager (Male) |
| 3:49 | Encolar | Villager (Male) |
| 3:51 | Construir | House |
| 4:26 | Construir | House |
| 4:54 | Encolar | Villager (Male) |
| 4:54 | Encolar | Villager (Male) |
| 5:13 | Encolar | Villager (Male) |
| 5:14 | Encolar | Villager (Male) |
| 5:19 | Construir | Mill |
| 6:34 | Encolar | Villager (Male) |
| 7:07 | Encolar | Villager (Male) |
| 7:08 | Encolar | Villager (Male) |
| 7:10 | Encolar | Villager (Male) |
| 7:16 | Construir | Mining Camp |
| 7:57 | Construir | Farm |
| 8:26 | Investigar | Feudal Age |
| 8:48 | Construir | Farm |
| 9:24 | Construir | Farm |
| 10:04 | Investigar | Loom |
| 10:05 | Encolar | Villager (Male) |
| 10:05 | Encolar | Villager (Male) |
| 10:36 | Edad | Edad Feudal |
| 11:10 | Construir | Market |
| 12:04 | Construir | Blacksmith |
| 12:23 | Investigar | Double-Bit Axe |
| 12:28 | Investigar | Castle Age |
| 12:53 | Construir | Mining Camp |
| 12:59 | Construir | Palisade Wall |
| 13:33 | Investigar | Horse Collar |
| 14:13 | Construir | House |
| 14:14 | Construir | House |
| 14:15 | Construir | House |
| 14:49 | Construir | Barracks |
| 14:58 | Investigar | Stone Mining |
| 15:08 | Edad | Edad de los Castillos |
| 15:13 | Construir | Monastery |
| 15:35 | Encolar | Monk |
| 15:54 | Construir | Siege Workshop |
| 15:56 | Encolar | Villager (Male) |
| 15:57 | Encolar | Villager (Male) |
| 16:22 | Encolar | Villager (Male) |
| 16:56 | Encolar | Villager (Male) |
| 17:03 | Construir | Town Center |
| 17:15 | Encolar | Monk |
| 17:24 | Encolar | Villager (Male) |
| 17:24 | Encolar | Villager (Male) |
| 18:00 | Construir | Farm |
| 18:03 | Construir | Farm |
| 18:21 | Encolar | Villager (Male) |
| 18:26 | Construir | Farm |
| 18:31 | Construir | Farm |
| 18:38 | Construir | Farm |
| 18:42 | Construir | Farm |
| 18:48 | Encolar | Villager (Male) |
| 19:02 | Encolar | Villager (Male) |
| 19:04 | Encolar | Monk |
| 19:09 | Construir | Farm |
| 19:11 | Construir | Farm |
| 19:23 | Encolar | Villager (Male) |
| 19:26 | Construir | Farm |
| 19:48 | Encolar | Spearman |
| 19:56 | Encolar | Villager (Male) |
| 20:01 | Construir | Farm |
| 20:16 | Construir | Town Center |
| 20:33 | Encolar | Villager (Male) |
| 20:37 | Encolar | Scorpion |
| 20:45 | Encolar | Villager (Male) |
| 20:45 | Encolar | Villager (Male) |
| 21:01 | Encolar | Villager (Male) |
| 21:02 | Encolar | Villager (Male) |
| 21:13 | Encolar | Mangonel |
| 21:15 | Encolar | Spearman |
| 21:15 | Encolar | Spearman |
| 21:16 | Encolar | Spearman |
| 21:25 | Encolar | Villager (Male) |
| 21:37 | Construir | Castle |
| 21:56 | Encolar | Villager (Male) |
| 21:56 | Encolar | Villager (Male) |
| 21:57 | Encolar | Villager (Male) |
| 22:31 | Encolar | Mangonel |
| 22:31 | Encolar | Mangonel |
| 22:40 | Encolar | Spearman |
| 22:40 | Encolar | Spearman |
| 22:43 | Encolar | Villager (Male) ×2 |
| 23:55 | Encolar | Mangonel |
| 24:10 | Encolar | Villager (Male) |
| 24:11 | Encolar | Villager (Male) |
| 24:11 | Encolar | Villager (Male) |
| 24:11 | Encolar | Villager (Male) |
| 24:20 | Encolar | Monk |
| 24:26 | Construir | Farm |
| 24:27 | Construir | Farm |
| 24:27 | Construir | Farm |
| 24:27 | Construir | Farm |
| 24:27 | Construir | Farm |
| 24:28 | Construir | Farm |
| 24:28 | Construir | Farm |
| 25:12 | Encolar | Villager (Male) ×5 |
| 25:29 | Encolar | Villager (Male) ×5 |
| 25:35 | Construir | Farm |
| 25:39 | Construir | Farm |
| 25:39 | Construir | Farm |
| 25:39 | Construir | Farm |
| 25:40 | Construir | Farm |
| 25:43 | Construir | House |
| 25:52 | Investigar | Wheelbarrow |
| 26:11 | Construir | Lumber Camp |
| 26:21 | Construir | House |
| 26:27 | Construir | House |
| 26:33 | Encolar | Scorpion |
| 26:34 | Encolar | Scorpion |
| 26:34 | Encolar | Scorpion |
| 26:44 | Encolar | Villager (Male) ×5 |
| 26:48 | Investigar | Bow Saw |
| 26:56 | Investigar | Gold Mining |
| 27:14 | Encolar | Villager (Male) ×4 |
| 27:32 | Encolar | Scorpion |
| 27:32 | Encolar | Scorpion |
| 27:32 | Encolar | Scorpion |
| 27:32 | Encolar | Scorpion |
| 27:40 | Encolar | Spearman |
| 27:40 | Encolar | Spearman |
| 27:48 | Encolar | Monk |
| 27:48 | Encolar | Monk |
| 27:57 | Encolar | Villager (Male) |
| 27:57 | Encolar | Villager (Male) |
| 28:02 | Construir | House |
| 28:03 | Construir | House |
| 28:04 | Construir | House |
| 28:48 | Investigar | Hand Cart |
| 28:50 | Encolar | Villager (Male) ×5 |
| 28:56 | Construir | Farm |
| 28:56 | Construir | Farm |
| 28:56 | Construir | Farm |
| 29:13 | Investigar | Heavy Plow |
| 29:17 | Investigar | Town Watch |
| 29:34 | Encolar | Scorpion |
| 29:35 | Encolar | Scorpion |
| 29:35 | Encolar | Scorpion |
| 29:42 | Construir | Castle |
| 29:57 | Construir | House |
Build order — ELEG | KYNBA
Primeras 150 de 653 acciones detectadas
| 0:01 | Encolar | Villager (Male) |
| 0:02 | Construir | House |
| 0:04 | Construir | House |
| 0:08 | Encolar | Villager (Male) |
| 0:13 | Encolar | Villager (Male) |
| 0:21 | Encolar | Villager (Male) |
| 1:23 | Encolar | Villager (Male) |
| 1:23 | Encolar | Villager (Male) |
| 1:52 | Construir | Lumber Camp |
| 2:08 | Encolar | Villager (Male) |
| 2:10 | Encolar | Villager (Male) |
| 2:11 | Encolar | Villager (Male) |
| 2:39 | Encolar | Villager (Male) |
| 2:40 | Encolar | Villager (Male) |
| 3:16 | Encolar | Villager (Male) |
| 3:16 | Encolar | Villager (Male) |
| 3:37 | Construir | House |
| 3:38 | Construir | House |
| 3:40 | Construir | House |
| 3:47 | Encolar | Villager (Male) |
| 4:07 | Encolar | Villager (Male) |
| 4:14 | Construir | Mill |
| 4:37 | Encolar | Villager (Male) |
| 4:37 | Encolar | Villager (Male) |
| 4:37 | Encolar | Villager (Male) |
| 4:51 | Encolar | Villager (Male) |
| 4:52 | Encolar | Villager (Male) |
| 5:14 | Construir | Mining Camp |
| 5:20 | Encolar | Villager (Male) |
| 5:20 | Encolar | Villager (Male) |
| 5:31 | Encolar | Villager (Male) |
| 5:48 | Encolar | Villager (Male) |
| 5:49 | Encolar | Villager (Male) |
| 6:15 | Encolar | Villager (Male) |
| 6:32 | Encolar | Villager (Male) |
| 6:46 | Encolar | Villager (Male) |
| 6:46 | Encolar | Villager (Male) |
| 6:47 | Encolar | Villager (Male) |
| 7:14 | Encolar | Villager (Male) |
| 7:14 | Encolar | Villager (Male) |
| 7:25 | Encolar | Villager (Male) |
| 7:26 | Encolar | Villager (Male) |
| 7:50 | Encolar | Villager (Male) |
| 8:14 | Encolar | Villager (Male) |
| 9:26 | Investigar | Feudal Age |
| 10:59 | Construir | Farm |
| 11:05 | Construir | Farm |
| 11:06 | Construir | Farm |
| 11:10 | Construir | House |
| 11:18 | Construir | Farm |
| 11:27 | Construir | Farm |
| 11:38 | Encolar | Villager (Male) |
| 11:48 | Edad | Edad Feudal |
| 11:52 | Construir | Blacksmith |
| 11:56 | Construir | Market |
| 12:03 | Investigar | Double-Bit Axe |
| 12:08 | Encolar | Villager (Male) |
| 12:12 | Construir | Farm |
| 12:15 | Construir | Farm |
| 12:22 | Construir | Farm |
| 12:34 | Encolar | Villager (Male) |
| 12:44 | Construir | Farm |
| 12:54 | Construir | Farm |
| 12:57 | Construir | Farm |
| 13:04 | Investigar | Castle Age |
| 13:05 | Investigar | Castle Age |
| 13:11 | Construir | Lumber Camp |
| 14:08 | Investigar | Horse Collar |
| 14:10 | Construir | Farm |
| 15:33 | Encolar | Villager (Male) |
| 15:38 | Construir | House |
| 15:42 | Investigar | Gold Mining |
| 15:44 | Edad | Edad de los Castillos |
| 15:46 | Investigar | Bow Saw |
| 15:46 | Investigar | Bow Saw |
| 15:50 | Investigar | Heavy Plow |
| 15:56 | Construir | House |
| 16:00 | Construir | Siege Workshop |
| 16:11 | Construir | Farm |
| 16:13 | Encolar | Villager (Male) |
| 16:13 | Encolar | Villager (Male) |
| 16:14 | Encolar | Villager (Male) |
| 16:18 | Construir | House |
| 16:18 | Construir | House |
| 16:19 | Construir | House |
| 16:20 | Construir | House |
| 16:21 | Construir | House |
| 16:22 | Construir | House |
| 16:23 | Construir | House |
| 16:24 | Construir | House |
| 16:25 | Construir | House |
| 16:27 | Construir | House |
| 16:34 | Encolar | Villager (Male) |
| 16:51 | Encolar | Battering Ram |
| 17:04 | Encolar | Battering Ram |
| 17:20 | Construir | Barracks |
| 17:23 | Encolar | Villager (Male) |
| 17:46 | Encolar | Villager (Male) |
| 17:48 | Construir | Farm |
| 17:49 | Encolar | Battering Ram |
| 17:52 | Investigar | Gold Shaft Mining |
| 18:07 | Construir | Mining Camp |
| 18:09 | Encolar | Villager (Male) |
| 18:24 | Construir | Barracks |
| 18:33 | Encolar | Villager (Male) |
| 18:53 | Encolar | Villager (Male) |
| 19:06 | Construir | Farm |
| 19:10 | Investigar | Man-at-Arms (upgrade) |
| 19:10 | Investigar | Gambesons |
| 19:21 | Construir | Farm |
| 19:21 | Construir | Farm |
| 19:21 | Construir | Farm |
| 19:21 | Construir | Farm |
| 19:22 | Construir | Farm |
| 19:22 | Construir | Farm |
| 19:22 | Construir | Farm |
| 19:22 | Construir | Farm |
| 19:22 | Construir | Farm |
| 19:24 | Encolar | Villager (Male) |
| 19:43 | Encolar | Villager (Male) |
| 19:56 | Construir | Farm |
| 19:56 | Construir | Farm |
| 19:56 | Construir | Farm |
| 19:57 | Construir | Farm |
| 19:57 | Construir | Farm |
| 19:57 | Construir | Farm |
| 19:57 | Construir | Farm |
| 19:58 | Encolar | Villager (Male) |
| 20:23 | Encolar | Villager (Male) |
| 20:27 | Investigar | Scale Mail Armor |
| 20:34 | Encolar | Villager (Male) |
| 20:37 | Construir | Farm |
| 20:38 | Encolar | Villager (Male) |
| 20:42 | Construir | Farm |
| 20:43 | Construir | Farm |
| 20:44 | Construir | Farm |
| 20:44 | Encolar | Villager (Male) |
| 21:01 | Encolar | Militia ×3 |
| 21:02 | Encolar | Militia ×3 |
| 21:21 | Encolar | Militia |
| 21:29 | Encolar | Battering Ram |
| 21:35 | Encolar | Militia ×4 |
| 21:36 | Encolar | Militia ×4 |
| 22:02 | Investigar | Chain Mail Armor |
| 22:02 | Investigar | Chain Mail Armor |
| 22:07 | Encolar | Battering Ram |
| 22:10 | Encolar | Villager (Male) |
| 22:13 | Encolar | Militia ×2 |
| 22:13 | Encolar | Militia ×2 |
| 22:40 | Encolar | Militia ×3 |
Build order — MEERIYEINMMD
Primeras 150 de 436 acciones detectadas
| 0:01 | Encolar | Villager (Male) |
| 0:02 | Encolar | Villager (Male) |
| 0:02 | Encolar | Villager (Male) |
| 0:02 | Encolar | Villager (Male) |
| 0:02 | Encolar | Villager (Male) |
| 0:05 | Construir | House |
| 0:07 | Construir | House |
| 1:27 | Encolar | Villager (Male) |
| 2:06 | Construir | Lumber Camp |
| 2:09 | Encolar | Villager (Male) |
| 2:09 | Encolar | Villager (Male) |
| 2:54 | Encolar | Villager (Male) |
| 2:54 | Encolar | Villager (Male) |
| 3:18 | Encolar | Villager (Male) |
| 3:19 | Encolar | Villager (Male) |
| 3:31 | Construir | House |
| 3:34 | Construir | House |
| 3:35 | Construir | House |
| 3:45 | Construir | House |
| 3:53 | Encolar | Villager (Male) |
| 3:54 | Encolar | Villager (Male) |
| 3:54 | Encolar | Villager (Male) |
| 4:05 | Construir | House |
| 4:09 | Construir | House |
| 4:10 | Construir | House |
| 4:28 | Encolar | Villager (Male) |
| 4:28 | Encolar | Villager (Male) |
| 5:16 | Encolar | Villager (Male) |
| 5:16 | Encolar | Villager (Male) |
| 5:57 | Encolar | Villager (Male) |
| 6:07 | Construir | Mill |
| 6:49 | Encolar | Villager (Male) |
| 6:49 | Encolar | Villager (Male) |
| 7:02 | Construir | Mining Camp |
| 7:13 | Encolar | Villager (Male) |
| 7:14 | Encolar | Villager (Male) |
| 7:14 | Encolar | Villager (Male) |
| 8:04 | Encolar | Villager (Male) |
| 8:05 | Encolar | Villager (Male) |
| 8:05 | Encolar | Villager (Male) |
| 8:09 | Encolar | Villager (Male) |
| 8:10 | Encolar | Villager (Male) |
| 9:19 | Construir | Lumber Camp |
| 10:33 | Investigar | Feudal Age |
| 10:54 | Construir | House |
| 10:58 | Construir | House |
| 11:12 | Construir | Farm |
| 11:13 | Construir | Farm |
| 11:18 | Construir | Farm |
| 11:21 | Construir | Farm |
| 11:28 | Construir | Farm |
| 11:31 | Construir | Farm |
| 11:34 | Construir | Farm |
| 11:36 | Construir | Farm |
| 11:47 | Encolar | Villager (Male) |
| 11:48 | Encolar | Villager (Male) |
| 12:05 | Construir | House |
| 12:43 | Edad | Edad Feudal |
| 12:48 | Construir | Market |
| 12:54 | Construir | Blacksmith |
| 13:40 | Investigar | Castle Age |
| 13:41 | Investigar | Castle Age |
| 13:41 | Investigar | Castle Age |
| 14:02 | Construir | Farm |
| 14:05 | Construir | Farm |
| 14:08 | Construir | Farm |
| 15:30 | Construir | Barracks |
| 16:05 | Encolar | Villager (Male) |
| 16:05 | Encolar | Villager (Male) |
| 16:06 | Encolar | Villager (Male) |
| 16:20 | Edad | Edad de los Castillos |
| 16:27 | Construir | Siege Workshop |
| 16:45 | Construir | Gate |
| 16:54 | Construir | Farm |
| 17:00 | Construir | Farm |
| 17:01 | Construir | Farm |
| 17:01 | Construir | Farm |
| 17:01 | Construir | Farm |
| 17:02 | Construir | Farm |
| 17:05 | Encolar | Villager (Male) |
| 17:05 | Encolar | Villager (Male) |
| 17:13 | Investigar | Double-Bit Axe |
| 17:14 | Investigar | Gold Mining |
| 17:47 | Encolar | Mangonel |
| 18:09 | Construir | Farm |
| 18:19 | Construir | Farm |
| 18:29 | Encolar | Villager (Male) |
| 18:29 | Encolar | Villager (Male) |
| 18:30 | Encolar | Villager (Male) |
| 18:32 | Investigar | Man-at-Arms (upgrade) |
| 18:33 | Investigar | Gambesons |
| 18:35 | Investigar | Arson |
| 18:41 | Investigar | Scale Mail Armor |
| 18:42 | Investigar | Forging |
| 18:52 | Construir | Farm |
| 18:52 | Construir | Farm |
| 18:53 | Construir | Farm |
| 19:11 | Construir | House |
| 19:22 | Encolar | Villager (Male) |
| 19:22 | Encolar | Villager (Male) |
| 19:27 | Construir | House |
| 19:30 | Construir | House |
| 19:44 | Construir | Gate |
| 19:50 | Encolar | Villager (Male) |
| 20:06 | Encolar | Battering Ram |
| 20:17 | Encolar | Villager (Male) |
| 20:32 | Construir | Mining Camp |
| 20:34 | Encolar | Villager (Male) |
| 20:35 | Encolar | Villager (Male) |
| 20:38 | Investigar | Bow Saw |
| 20:42 | Investigar | Horse Collar |
| 20:49 | Construir | House |
| 20:52 | Construir | House |
| 20:55 | Construir | House |
| 21:14 | Construir | Farm |
| 21:16 | Construir | Farm |
| 21:42 | Investigar | Long Swordsman (upgrade) |
| 22:01 | Construir | Farm |
| 22:05 | Construir | Farm |
| 22:09 | Encolar | Villager (Male) |
| 22:10 | Encolar | Villager (Male) |
| 22:17 | Investigar | Gold Shaft Mining |
| 22:23 | Encolar | Battering Ram |
| 22:28 | Construir | Farm |
| 22:32 | Construir | Farm |
| 22:39 | Encolar | Militia |
| 22:40 | Encolar | Militia |
| 22:40 | Encolar | Militia |
| 22:40 | Encolar | Militia |
| 22:46 | Encolar | Villager (Male) |
| 22:49 | Construir | House |
| 22:52 | Construir | House |
| 22:54 | Construir | House |
| 23:18 | Encolar | Villager (Male) |
| 23:28 | Construir | Town Center |
| 23:33 | Encolar | Villager (Male) |
| 23:33 | Encolar | Villager (Male) |
| 24:02 | Encolar | Militia |
| 24:02 | Encolar | Militia |
| 24:02 | Encolar | Militia |
| 24:04 | Encolar | Militia |
| 24:40 | Encolar | Villager (Male) |
| 24:59 | Encolar | Battering Ram |
| 25:04 | Encolar | Battering Ram |
| 25:09 | Encolar | Militia |
| 25:09 | Encolar | Militia |
| 25:09 | Encolar | Militia |
| 25:10 | Encolar | Militia |
| 25:16 | Construir | Barracks |
| 25:21 | Construir | Barracks |
Build order — Lavibeko
Primeras 150 de 432 acciones detectadas
| 0:00 | Encolar | Villager (Male) |
| 0:00 | Encolar | Villager (Male) |
| 0:01 | Encolar | Villager (Male) |
| 0:02 | Construir | House |
| 0:03 | Construir | House |
| 0:20 | Encolar | Villager (Male) |
| 1:23 | Encolar | Villager (Male) |
| 1:54 | Construir | House |
| 1:55 | Construir | Lumber Camp |
| 1:58 | Encolar | Villager (Male) |
| 2:13 | Encolar | Villager (Male) |
| 2:41 | Encolar | Villager (Male) |
| 2:42 | Encolar | Villager (Male) |
| 2:51 | Encolar | Villager (Male) |
| 2:51 | Encolar | Villager (Male) |
| 3:26 | Encolar | Villager (Male) |
| 3:44 | Encolar | Villager (Male) |
| 3:44 | Encolar | Villager (Male) |
| 4:14 | Encolar | Villager (Male) |
| 4:46 | Encolar | Villager (Male) |
| 5:02 | Encolar | Villager (Male) |
| 5:26 | Encolar | Villager (Male) |
| 5:44 | Construir | House |
| 5:47 | Encolar | Villager (Male) |
| 5:51 | Encolar | Villager (Male) |
| 5:59 | Encolar | Villager (Male) |
| 6:25 | Construir | Mill |
| 6:27 | Encolar | Villager (Male) |
| 6:52 | Construir | Lumber Camp |
| 7:05 | Encolar | Villager (Male) |
| 7:25 | Encolar | Villager (Male) |
| 7:53 | Encolar | Villager (Male) |
| 8:11 | Encolar | Villager (Male) |
| 8:18 | Construir | House |
| 8:21 | Construir | House |
| 8:43 | Encolar | Villager (Male) |
| 8:43 | Investigar | Loom |
| 8:53 | Construir | Farm |
| 9:07 | Construir | Farm |
| 9:14 | Investigar | Feudal Age |
| 9:22 | Construir | Mining Camp |
| 9:24 | Construir | Farm |
| 9:26 | Construir | Farm |
| 11:25 | Construir | Barracks |
| 12:14 | Construir | Mill |
| 12:23 | Encolar | Villager (Male) |
| 12:23 | Encolar | Villager (Male) |
| 12:35 | Edad | Edad Feudal |
| 12:37 | Construir | Market |
| 12:39 | Construir | Blacksmith |
| 12:45 | Investigar | Double-Bit Axe |
| 13:19 | Investigar | Castle Age |
| 13:49 | Encolar | Villager (Male) |
| 13:53 | Investigar | Horse Collar |
| 14:06 | Construir | Barracks |
| 14:32 | Encolar | Militia |
| 14:32 | Encolar | Militia |
| 14:32 | Encolar | Militia |
| 14:36 | Investigar | Man-at-Arms (upgrade) |
| 14:45 | Encolar | Villager (Male) |
| 14:48 | Construir | Farm |
| 14:49 | Construir | Farm |
| 14:49 | Construir | Farm |
| 14:49 | Construir | Farm |
| 14:49 | Construir | Farm |
| 15:18 | Encolar | Militia |
| 15:18 | Encolar | Militia |
| 15:22 | Encolar | Militia |
| 15:22 | Encolar | Militia |
| 15:30 | Construir | Farm |
| 16:06 | Edad | Edad de los Castillos |
| 16:10 | Construir | Monastery |
| 16:10 | Encolar | Villager (Male) |
| 16:14 | Construir | Town Center |
| 16:16 | Encolar | Villager (Male) |
| 16:21 | Encolar | Villager (Male) |
| 16:31 | Encolar | Villager (Male) |
| 16:46 | Encolar | Militia |
| 16:47 | Encolar | Militia |
| 17:09 | Construir | Siege Workshop |
| 17:11 | Encolar | Monk |
| 17:14 | Encolar | Villager (Male) |
| 17:16 | Encolar | Villager (Male) |
| 17:42 | Investigar | Bow Saw |
| 17:50 | Encolar | Scorpion |
| 17:50 | Encolar | Scorpion |
| 17:54 | Encolar | Villager (Male) |
| 17:58 | Encolar | Villager (Male) |
| 18:01 | Encolar | Villager (Male) |
| 18:01 | Encolar | Villager (Male) |
| 18:23 | Encolar | Monk |
| 18:27 | Encolar | Villager (Male) |
| 18:28 | Encolar | Villager (Male) |
| 18:39 | Encolar | Scorpion |
| 18:39 | Encolar | Scorpion |
| 18:39 | Encolar | Scorpion |
| 18:49 | Encolar | Villager (Male) |
| 18:50 | Encolar | Villager (Male) |
| 19:02 | Encolar | Villager (Male) |
| 19:14 | Construir | Town Center |
| 19:16 | Encolar | Villager (Male) |
| 19:16 | Encolar | Villager (Male) |
| 19:29 | Encolar | Villager (Male) |
| 19:29 | Encolar | Villager (Male) |
| 19:33 | Encolar | Villager (Male) |
| 19:33 | Encolar | Villager (Male) |
| 19:47 | Construir | House |
| 19:51 | Construir | Farm |
| 19:53 | Encolar | Villager (Male) |
| 19:54 | Encolar | Villager (Male) |
| 19:57 | Encolar | Villager (Male) |
| 20:05 | Construir | Farm |
| 20:09 | Construir | Farm |
| 20:10 | Encolar | Villager (Male) |
| 20:10 | Encolar | Villager (Male) |
| 20:19 | Encolar | Scorpion |
| 20:20 | Encolar | Scorpion |
| 20:20 | Encolar | Scorpion |
| 20:23 | Encolar | Villager (Male) |
| 20:24 | Encolar | Villager (Male) |
| 20:27 | Construir | Farm |
| 20:41 | Construir | University |
| 20:42 | Encolar | Villager (Male) |
| 20:42 | Encolar | Villager (Male) |
| 20:42 | Encolar | Villager (Male) |
| 20:47 | Construir | House |
| 21:10 | Encolar | Villager (Male) |
| 21:10 | Encolar | Villager (Male) |
| 21:11 | Encolar | Villager (Male) |
| 21:15 | Encolar | Villager (Male) |
| 21:19 | Construir | House |
| 21:19 | Construir | House |
| 21:21 | Construir | House |
| 21:21 | Construir | House |
| 21:22 | Construir | House |
| 21:24 | Encolar | Villager (Male) |
| 21:24 | Encolar | Villager (Male) |
| 21:40 | Encolar | Scorpion |
| 21:41 | Encolar | Scorpion |
| 21:43 | Encolar | Villager (Male) |
| 21:44 | Encolar | Villager (Male) |
| 21:49 | Investigar | Ballistics |
| 21:56 | Construir | Farm |
| 21:57 | Encolar | Villager (Male) |
| 21:57 | Encolar | Villager (Male) |
| 21:58 | Encolar | Villager (Male) |
| 22:05 | Encolar | Villager (Male) |
| 22:06 | Encolar | Villager (Male) |
| 22:09 | Encolar | Villager (Male) |
| 22:21 | Construir | Farm |
Cronología de la partida
| 10:36 | Pundabar · age_up feudal |
| 11:25 | Lavibeko · first_building Barracks |
| 11:48 | ELEG | KYNBA · age_up feudal |
| 12:35 | Lavibeko · age_up feudal |
| 12:43 | MEERIYEINMMD · age_up feudal |
| 12:59 | Pundabar · wall_segment Palisade Wall x1 |
| 14:49 | Pundabar · first_building Barracks |
| 15:08 | Pundabar · age_up castle |
| 15:13 | Pundabar · first_building Monastery |
| 15:30 | MEERIYEINMMD · first_building Barracks |
| 15:44 | ELEG | KYNBA · age_up castle |
| 15:54 | Pundabar · first_building Siege Workshop |
| 16:00 | ELEG | KYNBA · first_building Siege Workshop |
| 16:06 | Lavibeko · age_up castle |
| 16:10 | Lavibeko · first_building Monastery |
| 16:20 | MEERIYEINMMD · age_up castle |
| 16:27 | MEERIYEINMMD · first_building Siege Workshop |
| 17:09 | Lavibeko · first_building Siege Workshop |
| 17:20 | ELEG | KYNBA · first_building Barracks |
| 21:37 | Pundabar · first_building Castle |
| 27:08 | Lavibeko · first_market_buy 100 food |
| 27:36 | Lavibeko · first_building Castle |
| 30:30 | Lavibeko · age_up imperial |
| 30:43 | ELEG | KYNBA · first_market_sell 100 food |
| 30:47 | ELEG | KYNBA · first_market_buy 100 stone |
| 30:52 | ELEG | KYNBA · first_building Castle |
| 32:21 | ELEG | KYNBA · age_up imperial |
| 33:32 | ELEG | KYNBA · first_building Monastery |
| 33:44 | ELEG | KYNBA · wall_segment Stone Wall x1 |
| 35:38 | MEERIYEINMMD · first_building Monastery |
| 36:28 | Pundabar · age_up imperial |
| 37:07 | Lavibeko · first_market_sell 100 stone |
| 39:11 | MEERIYEINMMD · wall_segment Stone Wall x14 |
| 39:20 | MEERIYEINMMD · age_up imperial |
| 40:06 | MEERIYEINMMD · wall_segment Stone Wall x10 |
| 40:30 | MEERIYEINMMD · wall_segment Stone Wall x2 |
| 40:37 | MEERIYEINMMD · wall_segment Stone Wall x6 |
| 40:46 | MEERIYEINMMD · wall_segment Stone Wall x1 |
| 41:35 | ELEG | KYNBA · wall_segment Stone Wall x3 |
| 41:42 | ELEG | KYNBA · tribute_sent a jugador 2 |
| 41:42 | ELEG | KYNBA · tribute_sent a jugador 3 |
| 41:42 | ELEG | KYNBA · tribute_sent a jugador 4 |
| 42:36 | MEERIYEINMMD · wall_segment Stone Wall x3 |
| 42:46 | MEERIYEINMMD · wall_segment Stone Wall x3 |
| 43:16 | MEERIYEINMMD · wall_segment Stone Wall x1 |
| 43:20 | ELEG | KYNBA · tribute_sent a jugador 2 |
| 43:20 | ELEG | KYNBA · tribute_sent a jugador 3 |
| 43:20 | ELEG | KYNBA · tribute_sent a jugador 4 |
| 43:25 | MEERIYEINMMD · wall_segment Stone Wall x2 |
| 45:10 | MEERIYEINMMD · tribute_sent a jugador 1 |
| 45:10 | MEERIYEINMMD · tribute_sent a jugador 2 |
| 45:10 | MEERIYEINMMD · tribute_sent a jugador 4 |
| 47:39 | ELEG | KYNBA · tribute_sent a jugador 2 |
| 47:39 | ELEG | KYNBA · tribute_sent a jugador 3 |
| 47:39 | ELEG | KYNBA · tribute_sent a jugador 4 |
| 47:47 | ELEG | KYNBA · tribute_sent a jugador 2 |
| 47:47 | ELEG | KYNBA · tribute_sent a jugador 3 |
| 47:47 | ELEG | KYNBA · tribute_sent a jugador 4 |
| 53:37 | MEERIYEINMMD · tribute_sent a jugador 1 |
| 53:37 | MEERIYEINMMD · tribute_sent a jugador 2 |
| 53:37 | MEERIYEINMMD · tribute_sent a jugador 4 |
| 54:51 | ELEG | KYNBA · resign |
[ ANÁLISIS IA · 1 CRÉDITO ]
¿Qué pasó realmente en esta partida?
Wolo.gg analiza cada decisión: build order, eco, micro, errores típicos por bracket. Análisis personalizado por WhatsApp o Discord en 30 segundos.
Guía civ
Eslavos
Perfil
Jugador #1806925